 Dungeon Crawl Stone Soup version 0.29-a0-2-g12fcac58f8 (webtiles) character file.

Game seed: 6027914723215586505

115 horus123 the Grave Robber (level 4, -3/24 HPs)
             Began as a Deep Elf Necromancer on Jan 26, 2022.
             Killed from afar by Natasha (9 damage)
             ... with a magic dart
             ... on level 2 of the Dungeon.
             The game lasted 00:05:50 (2708 turns).

horus123 the Grave Robber (Deep Elf Necromancer)    Turns: 2708, Time: 00:05:51

Health: -3/24      AC:  3    Str:  5    XL:     4   Next: 68%
Magic:  8/12       EV: 12    Int: 22    God:
Gold:   94         SH:  0    Dex: 15    Spells: 4/11 levels left

rFire   . . .      SeeInvis .   c - +0 dagger (elec)
rCold   . . .      Faith    .   (no shield)
rNeg    . . .      Spirit   .   a - +0 robe
rPois   .          Reflect  .   (no helmet)
rElec   .          Harm     .   (no cloak)
rCorr   .          Rampage  .   (no gloves)
Will    .....                   e - +0 pair of boots
Stlth   ++........              (no amulet)
HPRegen 0.08/turn               (no ring)
MPRegen 0.13/turn               (no ring)

@: no status effects
A: no striking features
a: no special abilities


You were on level 2 of the Dungeon.
You visited 1 branch of the dungeon, and saw 3 of its levels.

You collected 94 gold pieces.

Inventory:

Hand Weapons
 c - a +0 dagger of electrocution (weapon)
Missiles
 b - a throwing net
Armour
 a - a +0 robe (worn)
 e - a +0 pair of boots (worn)
Scrolls
 f - a scroll of magic mapping {unknown}
 h - a scroll of amnesia
 i - a scroll of teleportation
 j - a scroll of noise {unknown}
 k - a scroll of identify
Potions
 d - a potion of haste
 g - 3 potions of curing


   Skills:
 - Level 2.4 Dodging
 - Level 2.4 Stealth
 - Level 4.0 Spellcasting
 + Level 2.1 Summonings
 - Level 6.3 Necromancy


You had 4 spell levels left.
You knew the following spells:

 Your Spells              Type           Power      Damage    Failure   Level
a - Pain                  Necr           100%       1d9       1%          1
b - Call Imp              Summ           14%        N/A       7%          2
c - Animate Dead          Necr           16%        N/A       9%          4

Your spell library contained the following spells:

 Spells                   Type           Power      Damage    Failure   Level
 Animate Skeleton         Necr           64%        N/A       1%          1
 Vampiric Draining        Necr           32%        2d8       2%          3
 Magic Dart               Conj           16%        1d3       11%         1
 Mephitic Cloud           Conj/Pois/Air  4%         N/A       32%         3
 Agony                    Necr           32%        N/A       22%         5


Dungeon Overview and Level Annotations

Branches:
Dungeon (3/15)

Altars:

Annotations:
D:2 Natasha, Robin, Terence


Message History

Casting: Pain (safe; 1% risk of failure)
Confirm with . or Enter, or press ? or * to list all spells.
A beastly little devil appears in a puff of frigid air.
Natasha completely misses your white imp.
Terence barely misses you. Natasha claws your white imp!
Terence closely misses you. Natasha claws your white imp!
Your white imp dies!
Your white imp disappears in a puff of smoke!
Casting: Call Imp (safe; 7% risk of failure)
Confirm with . or Enter, or press ? or * to list all spells.
A beastly little devil appears in a puff of frigid air.
Terence closely misses you.
Found a scroll of identify.
Natasha mumbles some strange words.
Natasha glows brightly for a moment.
You swap places.
Terence barely misses your white imp.
Your white imp completely misses Terence.
Terence closely misses your white imp.
Your white imp hits Terence but does no damage.
Terence closely misses your white imp.
Your white imp hits Terence but does no damage.
Terence hits your white imp with a +0 flail!
Your white imp gestures at Terence.
The puff of frost hits Terence!
Terence hits your white imp with a +0 flail.
Your white imp dies!
Your white imp disappears in a puff of smoke!
Terence writhes in agony.
You are too injured to fight recklessly!
You are too injured to fight recklessly!
Aiming: Pain (safe; 1% risk of failure)
Press: ? - help, Q - select action, (/) - cycle Shift-Dir - straight line, f/p - Terence
Aim: Terence, wielding a +0 flail and wearing a +0 scale mail (severely wounded, chance to affect: 88%) Terence barely resists.
Terence hits you with a +0 flail.
* * * LOW HITPOINT WARNING * * *
Natasha stares at you and mumbles some strange words.
The magic dart hits you!
You die...

#.............
##.....................
..........#..#........
###.....#....#.......#
##........♣♣....?....#
.........♣♣ ♣......##
.........♣ ♣.......#
.........♣ ♣.......#
...#...#.♣ ♣.@@....#
.)...>...♣ ♣♣......##
...#####.♣♣♣♣h.#...##
...# #.........#####
...#...#########
....... ..#.#. .......
..##..


You could see Terence and Natasha.

Vanquished Creatures
  Natasha (twice) (D:2)
  An adder (D:3)
  2 worms (D:3)
  5 orcs (D:3)
  An endoplasm (D:1)
  2 giant cockroaches
  10 goblins
  3 hobgoblins
  4 jackals (D:1)
  3 ball pythons
  2 bats (D:2)
  5 kobolds
  2 rats (D:1)
42 creatures vanquished.

Vanquished Creatures (others)
  5 toadstools (D:2)
5 creatures vanquished.

Grand Total: 47 creatures vanquished

Notes
Turn   | Place    | Note
-------+----------+-------------------------------------------
     0 | D:1      | horus123 the Deep Elf Necromancer began the quest for the
                  | Orb.
     0 | D:1      | Reached XP level 1. HP: 10/10 MP: 6/6
   360 | D:1      | Reached XP level 2. HP: 8/15 MP: 2/9
   510 | D:1      | Learned a level 2 spell: Call Imp
   724 | D:1      | Reached skill level 5 in Necromancy
  1539 | D:2      | Noticed Natasha
  1544 | D:2      | Killed Natasha
  1545 | D:2      | Reached XP level 3. HP: 16/19 MP: 6/10
  1608 | D:2      | Noticed Natasha
  1612 | D:2      | Killed Natasha
  1613 | D:2      | Reached skill level 6 in Necromancy
  1613 | D:2      | Reached XP level 4. HP: 8/24 MP: 7/12
  1853 | D:2      | Learned a level 4 spell: Animate Dead
  1946 | D:2      | Reached skill level 1 in Summonings
  1951 | D:2      | Noticed Robin
  2176 | D:2      | Noticed Terence
  2176 | D:2      | Noticed Natasha
  2708 | D:2      | Killed from afar by Natasha

Illustrated notes

Levels and vault maps discovered:
D:1:      minmay_arrival_three_doors, layout_loops_ring
D:2:      layout_rooms, nrook_campfire, minmay_gold_behind_fungi, st_stairs_4,
          minmay_misc_feat_nine_boxes, minmay_misc_feat_hallway, uniq_robin,
          uniq_terence, uniq_natasha
D:3:      layout_basic, mainiacjoe_overflow_concentric_impassable,
          minmay_between, uniq_ijyb, uniq_jessica

Skill      XL: |  1  2  3  4 |
---------------+-------------+-----
Spellcasting   | 4 |  4.0
Necromancy     | 5 6 |  6.3
Summonings     | 2 |  2.1
Dodging        | |  2.4
Stealth        | |  2.4

Action                   |  1- 3 |  4- 6 || total
-------------------------+-------+-------++-------
Melee: Dagger            |     3 |    13 ||    16
 Cast: Pain              |    36 |    36 ||    72
       Animate Dead      |       |     3 ||     3
       Call Imp          |       |     2 ||     2
  Use: Scroll            |     4 |     1 ||     5
Armor: Robe              |       |     3 ||     3
Dodge: Dodged            |     4 |    15 ||    19

Table legend: (Time is in decaauts)
 A = Elapsed time spent in this place.
 B = Non-inter-level travel time spent in this place.
 C = Inter-level travel time spent in this place.
 D = Time resting spent in this place.
 E = Time spent auto-exploring this place.
 F = Levels seen in this place.
 G = Mean time per level.
                   A        B        C        D        E       F      G
               +--------+--------+--------+--------+--------+-----+--------+
         Total |   2707 |   2658 |     49 |    774 |   1512 |   3 |  902.3 |
       Dungeon |   2707 |   2658 |     49 |    774 |   1512 |   3 |  902.3 |
               +--------+--------+--------+--------+--------+-----+--------+

Top non-repeatable levels by time:
     D:1: 1348 daAuts
     D:2: 876 daAuts
     D:3: 482 daAuts
